 Dungeon Crawl Stone Soup version 0.30.0 (webtiles) character file.

Game seed: 1546511521365203727

656034 Jethros the Sorcerer (level 27, -10/163 HPs)
             Began as a Gargoyle Earth Elementalist on Dec 20, 2023.
             Was the Champion of Vehumet.
             Blown up by Eqevas (42 damage)
             ... with an orb of destruction
             ... in Pandemonium on Dec 26, 2023.
             The game lasted 16:09:59 (72124 turns).

Jethros the Sorcerer (Gargoyle Earth Elementalist) Turns: 72124, Time: 16:10:00

Health: -10/163    AC: 39    Str: 13    XL:     27
Magic:  35/66      EV: 14    Int: 36    God:    Vehumet [******]
Gold:   7214       SH:  8    Dex: 15    Spells: 15/76 levels left

rFire   + + .        u - staff of fire "Joanaidde" {+Blink rF+ Dex+2}
rCold   + . .        Y - +3 buckler {reflect}
rNeg    + . .        E - +4 troll leather armour {Snorg}
rPois   ∞            M - +2 hat {SInv}
rElec   +            W - +2 cloak {rCorr}
rCorr   +            h - +2 pair of gloves {Dex+3}
SInv    +            G - +0 pair of boots
Will    ++...        A - amulet of the Tired Queens {RegenMP rPois Int+3 Slay+2}
Stlth   +++          z - ring of wizardry
HPRegen 1.27/turn    H - ring "Ytrizus" {rF+ MP+9 Int+6 Stlth+}
MPRegen 0.80/turn

%: reflection, clarity, wizardry (x1)
@: marked, flying, studying 2 skills, unable to read, unable to drink
A: sickness immunity, AC +20, big wings, negative energy resistance 1,
electricity resistance, torment resistance 1, petrification resistance, clarity,
cold resistance 1, deterioration 1, high MP 1, weak 1, inability to drink after
injury 1, inability to read after injury 1
}: 3/15 runes: serpentine, barnacled, slimy
a: Renounce Religion, Evoke Blink


You were in Pandemonium.
You worshipped Vehumet.
Vehumet was exalted by your worship.
You visited 13 branches of the dungeon, and saw 57 of its levels.
You visited Pandemonium 1 time, and saw 1 of its levels.
You also visited: Sewer, Bailey and Wizlab.

You collected 8764 gold pieces.
You spent 1550 gold pieces at shops.

Inventory:

Missiles
 T - 7 throwing nets
Armour
 h - a +2 pair of gloves of dexterity (worn)
 E - a +4 troll leather armour (worn) {Snorg}
 G - a +0 pair of boots (worn)
 M - a +2 hat of see invisible (worn)
 S - a scarf of repulsion
 W - a +2 cloak of preservation (worn)
 Y - a +3 buckler of reflection (worn)
 Z - a +2 robe of willpower
Magical Staves
 g - the staff of cold "Xaiwics" {+Blink rC+}
   (You found it on level 1 of the Shoals)

   [staff of cold]

   Base accuracy: +5 Base damage: 5 Base attack delay: 1.2 This weapon's minimum
   attack delay (0.6) is reached at skill level 12.
   rC:        It protects you from cold.
   +Blink:    It lets you blink.
   It falls into the 'Staves' category.
   It is a one-handed weapon.
 i - a staff of conjuration
 o - a staff of death
 u - the staff of fire "Joanaidde" (weapon) {+Blink rF+ Dex+2}
   (You found it on level 15 of the Dungeon)

   [staff of fire]

   Base accuracy: +5 Base damage: 5 Base attack delay: 1.2 This weapon's minimum
   attack delay (0.6) is reached at skill level 12.
   Dex:       It affects your dexterity (+2).
   rF:        It protects you from fire.
   +Blink:    It lets you blink.
   It falls into the 'Staves' category.
   It is a one-handed weapon.
 U - a staff of earth
Jewellery
 a - a ring of fire
 t - a ring of ice
 v - a ring of magical power
 w - the ring "Buhoj" {rC+ rN+ Will+ Slay-2}
   (You found it on level 5 of the Lair of Beasts)

   [ring of willpower]

   Slay:      It affects your accuracy & damage with ranged weapons and melee
   (-2).
   rC:        It protects you from cold.
   rN:        It protects you from negative energy.
   Will:      It increases your willpower.
 z - a ring of wizardry (left hand)
 A - the amulet of the Tired Queens (around neck) {RegenMP rPois Int+3 Slay+2}
   (You bought it in a shop on level 15 of the Dungeon)

   [amulet of magic regeneration]

   It increases your rate of magic regeneration.
   Int:       It affects your intelligence (+3).
   Slay:      It affects your accuracy & damage with ranged weapons and melee
   (+2).
   rPois:     It protects you from poison.
 F - a ring of magical power
 H - the ring "Ytrizus" (right hand) {rF+ MP+9 Int+6 Stlth+}
   (You found it on level 4 of the Vaults)

   [ring of intelligence]

   Int:       It affects your intelligence (+6).
   rF:        It protects you from fire.
   MP:        It affects your magic capacity (+9).
   Stlth:     It makes you more stealthy.
 L - an amulet of faith
 N - a ring of resist corrosion
 P - an amulet of regeneration
 X - a ring of ice
Wands
 n - a wand of roots (45)
 s - a wand of quicksilver (29)
 I - a wand of digging (70)
 V - a wand of mindburst (36)
Scrolls
 c - 3 scrolls of brand weapon
 e - 2 scrolls of butterflies
 j - 10 scrolls of blinking
 l - 13 scrolls of poison
 p - 4 scrolls of immolation
 q - 13 scrolls of magic mapping
 r - 2 scrolls of enchant armour
 x - 10 scrolls of fog
 y - 16 scrolls of teleportation
 J - 21 scrolls of fear
 K - 6 scrolls of amnesia
 O - a scroll of enchant weapon
Potions
 b - 4 potions of magic
 d - 4 potions of ambrosia
 f - 14 potions of heal wounds
 k - 29 potions of curing
 m - 11 potions of cancellation
 B - 9 potions of haste
 C - 2 potions of mutation
 D - 3 potions of resistance
 Q - 10 potions of brilliance
 R - 2 potions of invisibility


   Skills:
 - Level 14.0 Fighting
 - Level 4.0 Armour
 - Level 7.0 Dodging
 - Level 2.1 Stealth
 - Level 4.0 Shields
 - Level 25.0 Spellcasting
 - Level 22.0 Conjurations
 + Level 17.8 Necromancy
 - Level 0.7 Transmutations
 - Level 23.0 Fire Magic
 - Level 23.0 Earth Magic
 - Level 10.0 Evocations


You had 15 spell levels left.
You knew the following spells:

 Your Spells              Type           Power      Damage    Failure   Level
a - Sandblast             Erth           100%       2d20      0%          1
b - Stone Arrow           Conj/Erth      100%       3d13      0%          3
c - Passwall              Tmut/Erth      76%        N/A       0%          2
e - Lee's Rapid Deconstr  Erth           59%        3d27*     0%          5
f - Fireball              Conj/Fire      71%        3d27      0%          5
g - Lehudib's Crystal Sp  Conj/Erth      59%        10d14     1%          8
h - Flame Wave            Conj/Fire      100%       2d21      0%          4
i - Ignition              Fire           71%        3d19      1%          8
k - Fire Storm            Conj/Fire      71%        8d18      1%          9
l - Death's Door          Necr           54%        N/A       22%         9
y - Orb of Destruction    Conj           58%        9d14      1%          7

Your spell library contained the following spells:

 Spells                   Type           Power      Damage    Failure   Level
 Kiss of Death            Conj/Necr      100%       2d13      0%          1
 Magic Dart               Conj           100%       1d8       0%          1
 Necrotise                Necr           100%       1d9       0%          1
 Shock                    Conj/Air       100%       1d9       0%          1
 Searing Ray              Conj           100%       2d8       0%          2
 Inner Flame              Hex/Fire       100%       N/A       0%          3
 Vampiric Draining        Necr           100%       2d13      0%          3
 Volatile Blastmotes      Fire/Tloc      100%       2d18      0%          3
 Animate Dead             Necr           100%       N/A       0%          4
 Dispel Undead            Necr           100%       3d31      0%          4
 Sticky Flame             Conj/Fire      100%       2d11      0%          4
 Agony                    Necr           100%       N/A       0%          5
 Borgnjor's Vile Clutch   Necr/Erth      56%        N/A       0%          5
 Starburst                Conj/Fire      71%        6d18      0%          6
 Apportation              Tloc           90%        N/A       1%          1
 Beastly Appendage        Tmut           100%       N/A       1%          1
 Freeze                   Ice            100%       1d10      1%          1
 Sting                    Tmut/Pois      100%       1d8       1%          1
 Summon Small Mammal      Summ           100%       N/A       1%          1
 Blink                    Tloc           90%        N/A       1%          2
 Call Imp                 Summ           90%        N/A       1%          2
 Ensorcelled Hibernation  Hex/Ice        90%        N/A       1%          2
 Poisonous Vapours        Pois/Air       90%        N/A       1%          2
 Wereblood                Tmut           50%        N/A       1%          2
 Call Canine Familiar     Summ           45%        N/A       1%          3
 Confusing Touch          Hex            45%        N/A       1%          3
 Dazzling Flash           Conj/Hex       100%       N/A       1%          3
 Frozen Ramparts          Ice            90%        1d14      1%          3
 Ignite Poison            Fire/Tmut/Pois 100%       N/A       1%          3
 Mephitic Cloud           Conj/Pois/Air  78%        N/A       1%          3
 Ozocubu's Armour         Ice            45%        N/A       1%          3
 Portal Projectile        Hex/Tloc       90%        N/A       1%          3
 Spider Form              Tmut/Pois      47%        N/A       1%          3
 Summon Guardian Golem    Hex/Summ       45%        N/A       1%          3
 Swiftness                Air            45%        N/A       1%          3
 Tukima's Dance           Hex            45%        N/A       1%          3
 Vhi's Electric Charge    Tloc/Air       90%        N/A       1%          3
 Airstrike                Air            22%        2d(4-20)  1%          4
 Anguish                  Hex/Necr       41%        N/A       1%          4
 Fulminant Prism          Conj/Hex       45%        3d21      1%          4
 Iskenderun's Mystic Bla  Conj/Tloc      90%        2d18      1%          4
 Leda's Liquefaction      Hex/Erth       45%        N/A       1%          4
 Olgreb's Toxic Radiance  Pois           45%        N/A       1%          4
 Petrify                  Tmut/Erth      92%        N/A       1%          4
 Arcjolt                  Conj/Air       45%        1d55      1%          5
 Freezing Cloud           Conj/Ice/Air   39%        6-21      1%          5
 Irradiate                Conj/Tmut      45%        3d26      1%          5
 Death Channel            Necr           54%        N/A       1%          6
 Plasma Beam              Fire/Air       56%        2x1d78    1%          6
 Simulacrum               Ice/Necr       41%        N/A       1%          6
 Spellforged Servitor     Conj/Summ      45%        N/A       1%          7
 Borgnjor's Revivificati  Necr           54%        N/A       1%          8
 Infestation              Necr           54%        N/A       1%          8
 Ice Form                 Ice/Tmut       47%        N/A       2%          4
 Yara's Violent Unravell  Hex/Tmut       23%        3d10      2%          5
 Cause Fear               Hex            22%        N/A       3%          4
 Manifold Assault         Tloc           45%        N/A       3%          4
 Passage of Golubria      Tloc           45%        N/A       3%          4
 Summon Ice Beast         Ice/Summ       45%        N/A       3%          4
 Summon Lightning Spire   Summ/Air       45%        N/A       3%          4
 Blade Hands              Tmut           25%        N/A       7%          5
 Haunt                    Necr/Summ      41%        N/A       8%          7
 Alistair's Intoxication  Tmut/Pois      31%        N/A       9%          5
 Metabolic Englaciation   Hex/Ice        22%        N/A       9%          5
 Silence                  Hex/Air        22%        N/A       9%          5
 Summon Forest            Summ/Tloc      22%        N/A       9%          5
 Summon Mana Viper        Hex/Summ       45%        N/A       9%          5
 Eringya's Noxious Bog    Tmut/Pois      23%        N/A       12%         6
 Dispersal                Tloc           22%        N/A       43%         6
 Necromutation            Tmut/Necr      42%        N/A       43%         8
 Dragon Form              Tmut           25%        N/A       88%         7
 Storm Form               Tmut/Air       23%        N/A       91%         7
 Enfeeble                 Hex            22%        N/A       93%         7
 Monstrous Menagerie      Summ           22%        N/A       93%         7
 Summon Hydra             Summ           22%        N/A       93%         7
 Maxwell's Capacitive Co  Air            22%        ∞         98%         8
 Disjunction              Tloc           22%        N/A       100%        8
 Sublimation of Blood     Necr           Unusable   N/A       N/A         2
 Cigotuvi's Dreadful Rot  Necr/Pois/Air  Unusable   N/A       N/A         2

Dungeon Overview and Level Annotations

Branches:
Dungeon (15/15)            Temple (1/1) D:4            Lair (5/5) D:8
 Shoals (4/4) Lair:2        Snake (4/4) Lair:2        Slime (5/5) Lair:4
    Orc (2/2) D:9             Elf (3/3) Orc:2        Vaults (5/5) D:14
  Crypt (3/3) Vaults:3       Tomb (1/3) Crypt:3      Depths (4/4) D:15
    Zot (5/5) Depths:4      Sewer (visited)          Bailey (visited)
 WizLab (visited)

Altars:
Ashenzari
Dithmenos
Elyvilon
Fedhas
Gozag
Hepliaklqana
Kikubaaqudgha
Makhleb
Nemelex Xobeh
Okawaru
Qazlal
Ru
Sif Muna
Trog
Uskayaw
Vehumet
Wu Jian
Xom
Yredelemnul
Zin
The Shining One
Jiyva
Lugonu

Shops:
D:7 [(?(   D:8 [[   D:10 *   D:15 =   Orc:2 (=**   Elf:2 ?   Elf:3 [
Shoals:2 ?   Snake:2 (   Snake:3 =:=*   Vaults:1 [   Depths:1 [(*

Portals:
Hell: Depths:1 Depths:2 Depths:3 Depths:4
Abyss: Elf:3 Depths:3 Depths:4
Pandemonium: Orc:2 Depths:2
Ziggurat: Depths:4

Annotations:
Zot:3 2 transporters


Innate Abilities, Weirdness & Mutations

You are immune to sickness and miasma.
Your stone body is resilient. (AC +20)
You are immune to poison.
Your large and strong wings let you fly.
You resist negative energy. (rN+)
You are resistant to electric shocks. (rElec)
You are resistant to unholy torment.
You are immune to petrification.
You possess an exceptional clarity of mind.
Your flesh is cold resistant. (rC+)
Your body sometimes deteriorates upon taking damage.
You have an increased reservoir of magic. (+10% MP)
You are weak. (Str -2)
You occasionally lose the ability to drink potions when taking damage.
You occasionally lose the ability to read scrolls when taking damage.


Message History

Aim: Eqevas (magical condensation, moderately wounded, ally target, 52% to hit)
The crystal spear hits Eqevas!!!
Eqevas is severely wounded.
You are engulfed in blazing flames.
You resist.
Eqevas sneers, "Accept thy doom, thou errant spleeny reprobate!"
Eqevas gestures.
Eqevas blinks!
The fire vortex hits you. The fire vortex burns you! You resist.
The fire vortex dissipates!
You blink.
A fire vortex comes into view.
Eqevas conjures a glowing orb.
An orb of destruction comes into view.
Casting: Lehudib's Crystal Spear (mildly dangerous; 1% risk of failure)
Confirm with . or Enter, or press ? or * to list all spells.
Aiming: Lehudib's Crystal Spear (mildly dangerous; 1% risk of failure)
Press: ? - help, Shift-Dir - straight line, f/p - Eqevas
Aim: Eqevas (severely wounded, 52% to hit)
The crystal spear hits Eqevas!!!
Eqevas is almost dead.
The fire vortex hits you. The fire vortex burns you! You resist.
The fire vortex dissipates!
Eqevas launches a ball of destructive magic.
The orb of destruction hits you!!!!
Ouch! That really hurt!
* * * LOW HITPOINT WARNING * * *
An orb of destruction comes into view.
Casting: Lehudib's Crystal Spear (mildly dangerous; 1% risk of failure)
Confirm with . or Enter, or press ? or * to list all spells.
Aiming: Sandblast (safe; 0% risk of failure)
Press: ? - help, Shift-Dir - straight line, f/p - Eqevas
Aim: Eqevas (almost dead, 59% to hit)
The blast of sand hits Eqevas!
You kill Eqevas!
Vehumet accepts your kill.
You feel your power returning.
You feel stable enough to blink again. The orb of destruction hits you!!!
You feel threatened and lose the ability to read scrolls!
You feel threatened and lose the ability to drink potions!
You die...

#.# #### #.# #.#.# #v#.#
#.#°### # #v)...# ##.#.v...#
.#..v°°○..###############
○......○@................
.....°○☼#######.....#####
.....°#☼# #.....#....
#.......# #.....#.### .
'.......## #.../.#.#.. #.
#........## #####.#.#.#
##.##....##...#########.#....
......... #)#∩............#..
..v..... #)##..#######.#....


You could see 4 fire vortices.

Vanquished Creatures
  the Royal Jelly (Slime:5)
  Dissolution (Slime:4)
  A pandemonium lord (Pan)
  Tiamat (Zot:2)
  3 dread liches (Zot:5)
  7 orbs of fire
  Khufu (Crypt:3)
  2 ancient liches
  Mennas (Crypt:1)
  3 royal mummies
  4 Killer Klowns (Zot:5)
  Bai Suzhen (Crypt:1)
  Xtahua (Crypt:1)
  The ghost of Bananafolds the Warrior, an adept NaVM of Cheibriados (D:15)
  3 curse toes
  10 golden dragons
  Nikola (Shoals:2)
  A profane servitor (Crypt:3)
  3 bone dragons
  A Tzitzimitl (Pan)
  A Brimstone Fiend (Pan)
  3 doom hounds (Zot:2)
  3 electric golems
  A Hell Sentinel (Pan)
  Rupert (D:15)
  11 tentacled monstrosities
  A walking earthen tome (Depths:2)
  2 walking crystal tomes
  Grunn (Zot:2)
  25 Orb Guardians (Zot:5)
  6 quicksilver dragons
  3 liches
  An Ice Fiend (Pan)
  3 deep elf blademasters
  2 titans (Depths:3)
  A deep elf master archer (Elf:3)
  11 sphinxes
  An Executioner (Pan)
  8 death cobs
  Gastronok (D:8)
  20 acid blobs
  10 ancient champions
  Frances (Shoals:2)
  Polyphemus (Shoals:2)
  13 storm dragons
  The ghost of TobyRickard the Severer, an adept MiFi of Elyvilon (Shoals:3)
  5 shadow dragons
  13 azure jellies
  10 rockslimes
  3 tengu reavers (Depths:3)
  2 demonspawn warmongers (Pan)
  8 revenants
  4 nagarajas (Snake:4)
  3 draconian knights
  Ilsuiw (Shoals:2)
  3 iron dragons
  10 draconian monks
  10 vault wardens
  3 balrugs
  8 fire giants
  Aizul (Snake:3)
  8 deep elf sorcerers
  11 draconian scorchers
  2 spectral caustic shrikes (WizLab)
  2 caustic shrike zombies (WizLab)
  7 frost giants
  5 ghost moths
  A curse skull (Crypt:3)
  11 draconian shifters
  4 deep elf elementalists (Elf:3)
  7 ghouls (Crypt:2)
  2 demonspawn corrupters (Pan)
  16 ironbound preservers
  5 draconian stormcallers
  4 war gargoyles
  A reaper (Zot:1)
  14 quicksilver oozes
  4 spriggan defenders
  3 orc warlords
  6 draconian annihilators
  11 very ugly things
  A caustic shrike skeleton (Crypt:2)
  6 ironbound thunderhulks
  8 stone giants
  The ghost of mdmota the Fighter, a journeyman DjCK of Xom (Lair:3)
  10 vampire knights
  2 bennus (Tomb:1)
  2 putrid mouths (Zot:1)
  11 green draconians
  The ghost of Uvinaotu the Blocker, a journeyman MiFi of the Shining One (D:15)
  15 purple draconians
  14 black draconians
  4 deep elf demonologists (Elf:3)
  2 lorocyprocas (Pan)
  3 demonspawn black suns (Pan)
  4 dire elephants
  A spectral titan (WizLab)
  7 white draconians
  10 yellow draconians
  12 red draconians
  4 halazid warlocks (WizLab)
  2 deep elf annihilators
  7 deep elf death magi
  3 eidola
  A green death (Pan)
  An ettin (shapeshifter) (Depths:3)
  Snorg (Lair:4)
  A blizzard demon (Pan)
  11 ettins
  2 merfolk javelineers
  13 mummy priests
  15 jiangshi
  An entropy weaver (Vaults:3)
  13 yaktaur captains
  13 fire dragons
  11 ice dragons
  4 merfolk impalers
  4 deep elf high priests
  14 great orbs of eyes
  5 rakshasas
  5 peacekeepers
  25 vault guards
  Harold (D:9)
  5 salamander tyrants
  11 hydras
  4 catoblepae
  A death knight (Crypt:2)
  10 ironbound frosthearts
  4 merfolk avatars
  2 ogre magi
  A spriggan skeleton (Crypt:3)
  5 spriggan air magi
  7 centaur warriors
  3 demonspawn (Orc:2)
  3 merfolk aquamancers
  8 anacondas
  7 boulder beetles
  An alligator snapping turtle (Shoals:4)
  34 dancing weapons
  8 satyrs
  5 death scarabs (Tomb:1)
  The ghost of LeafLetters the Lord of Darkness, a journeyman OpVM of Kikubaaqudgha (D:11)
  19 naga warriors
  6 tengu warriors
  3 death yaks (Shoals:2)
  A deep troll earth mage (Depths:3)
  2 two-headed ogres
  Urug (D:10)
  2 titan zombies
  12 deep troll shamans
  4 vampire magi
  6 orc high priests
  9 shock serpents
  5 spriggan berserkers
  14 naga sharpshooters
  5 hell knights (Depths:4)
  7 soul eaters
  13 deep elf knights
  7 sun demons
  Sonja (Orc:1)
  28 skeletal warriors
  A sixfirhy (Depths:1)
  2 salamander mystics (Snake:4)
  A spark wasp zombie (WizLab)
  6 shadow wraiths
  3 skysharks
  10 iron trolls
  A spriggan druid (Depths:2)
  3 glowing orange brains
  36 deep trolls
  A swamp dragon (shapeshifter) (Depths:1)
  2 flayed ghosts
  2 orange crystal statues
  11 phantasmal warriors
  5 wizards
  10 sea snakes
  3 bog bodies (Crypt:2)
  An obsidian statue (Depths:1)
  A shadow demon (Pan)
  A spectral wolf spider (WizLab)
  An orb spider (shapeshifter) (Vaults:2)
  11 orc knights
  14 deep elf archers
  2 naga ritualists
  40 harpies
  15 ironbound convokers
  A fenstrider witch simulacrum (Crypt:2)
  A spriggan simulacrum (Crypt:2)
  26 lindwurms
  9 orc sorcerers
  7 necromancers
  25 deep elf pyromancers
  2 shining eyes
  A shadow dragon skeleton (Depths:3)
  24 ugly things
  A spectral spriggan (WizLab)
  22 deep elf zephyrmancers
  7 mana vipers
  6 cyclopes
  4 oklob plants (Lair:4)
  6 salamanders
  26 fauns
  16 manticores
  A naga zombie (Crypt:2)
  30 moths of wrath
  36 black mambas
  8 merfolk sirens
  9 elephants
  An elephant (shapeshifter) (D:15)
  2 guardian serpents
  2 eyes of devastation
  6 water nymphs
  5 rust devils
  An ice statue (D:13)
  2 orange demons
  8 cane toads
  19 vault sentinels
  4 smoke demons (Depths:1)
  16 naga magi
  An orc skeleton (Tomb:1)
  A shock serpent skeleton (Crypt:2)
  4 rime drakes
  3 unseen horrors
  3 hellions
  A centaur skeleton (Tomb:1)
  5 kobold demonologists
  A bunyip simulacrum (Crypt:2)
  6 freezing wraiths
  A white draconian zombie (Crypt:1)
  3 ice devils
  6 komodo dragons
  A mana viper zombie (Crypt:2)
  42 yaktaurs
  A purple draconian skeleton (Crypt:1)
  An alligator snapping turtle skeleton (Crypt:3)
  5 efreet
  6 tengu conjurers
  9 guardian mummies
  4 trolls
  2 tormentors
  A merfolk (shapeshifter) (Depths:1)
  A sea snake skeleton (Crypt:1)
  25 merfolk
  7 polar bears
  A queen bee (Lair:4)
  6 meliai
  Grinder (D:4)
  A shadow dragon simulacrum (Crypt:3)
  14 hornets
  A mana viper skeleton (Crypt:3)
  6 wind drakes
  A hellwing (Depths:1)
  6 dream sheep
  An ettin zombie (Tomb:1)
  13 blink frogs
  A meliai zombie (Crypt:2)
  18 snapping turtles
  2 guardian serpent zombies
  A fire dragon zombie (Crypt:3)
  14 flying skulls
  2 air elementals
  A centaur simulacrum (D:15)
  2 black mamba zombies
  24 spriggans
  3 ushabtiu
  12 wraiths
  106 slime creatures
  2 dire elephant simulacra (Crypt:2)
  3 vampires
  5 wyverns
  A shadow (D:13)
  A ynoxinul (Pan)
  26 water elementals
  24 yaks
  2 chaos spawn
  4 basilisks
  2 steam dragons
  3 golden eyes (Slime:4)
  A neqoxec (Orc:2)
  8 redbacks (Elf:2)
  A human simulacrum (Vaults:4)
  3 vampire mosquitoes (D:13)
  2 acid dragons
  4 wargs
  33 nagas
  A fire bat skeleton (Crypt:1)
  2 floating eyes
  12 water moccasins
  A two-headed ogre skeleton (Tomb:1)
  36 orc warriors
  2 ice beasts
  7 boggarts
  An elephant zombie (Crypt:2)
  4 ogres
  8 black bears
  A centaur (D:9)
  30 wolves
  A hog skeleton (Crypt:1)
  An elf zombie (Crypt:3)
  2 phantoms
  11 bullfrogs
  A komodo dragon skeleton (Crypt:2)
  4 earth elementals
  2 necrophages (Crypt:2)
  A scorpion (D:5)
  A glowing shapeshifter simulacrum (Depths:3)
  A polar bear zombie (Crypt:2)
  7 wights
  29 killer bees
  3 electric eels (D:15)
  2 howler monkeys
  5 lava snakes (Snake:4)
  3 hounds
  2 jellies
  2 sleepcaps
  2 human zombies (Crypt:1)
  A gnoll bouda (D:7)
  25 orc priests
  Ijyb (D:4)
  3 human skeletons (Crypt:1)
  10 orc wizards
  2 iguanas
  22 mummies
  11 gnolls
  A howler monkey skeleton (Crypt:2)
  12 adders
  8 river rats (Sewer)
  4 white imps
  An ufetubus (D:5)
  An iguana zombie (Crypt:3)
  2 worms
  4 dart slugs
  66 orcs
  9 ball pythons
  6 bats (D:6)
  10 endoplasms
  3 giant cockroaches
  22 goblins
  24 hobgoblins
  9 kobolds
  6 quokkas
  6 frilled lizards
  A frilled lizard skeleton (Crypt:1)
  28 rats
  A river rat skeleton (Crypt:3)
  A bush (Lair:5)
  14 fire vortices
  A lurking horror (Elf:3)
2442 creatures vanquished.

Vanquished Creatures (collateral kills)
  A golden dragon (Zot:4)
  A tentacled monstrosity (Depths:2)
  A lich (Depths:2)
  A quicksilver dragon (Zot:1)
  A deep elf master archer (Elf:3)
  A sphinx (Tomb:1)
  A tengu reaver (Depths:4)
  2 storm dragons
  A draconian monk (Zot:5)
  A revenant (WizLab)
  A vault warden (Vaults:3)
  A frost giant (Depths:2)
  A draconian shifter (Zot:3)
  An ironbound preserver (Vaults:2)
  6 very ugly things
  2 ironbound thunderhulks (Vaults:1)
  2 stone giants
  2 vampire knights
  A dire elephant (Vaults:3)
  A deep elf annihilator (Elf:3)
  A purple draconian (Zot:4)
  A yellow draconian (Zot:5)
  A white draconian (Zot:2)
  A black draconian (Depths:4)
  An eidolon (Crypt:3)
  3 jiangshi (Crypt:3)
  A great orb of eyes (Vaults:2)
  A vault guard (Vaults:2)
  2 ice dragons
  A centaur warrior (Vaults:1)
  A soul eater (Depths:1)
  A deep troll (Depths:2)
  A tengu skeleton (Depths:3)
  A draconian zombie (Crypt:2)
  An ugly thing (Depths:2)
  An orange demon (Depths:2)
  A yaktaur (Vaults:3)
  A polar bear (Depths:2)
  A tarantella zombie (Crypt:1)
  A slime creature (Vaults:3)
  A flying skull (Tomb:1)
  A wraith (Crypt:2)
  A large abomination (Pan)
  A black mamba simulacrum (Crypt:2)
  4 mummies
  A bat skeleton (Crypt:2)
61 creatures vanquished.

Vanquished Creatures (others)
  The ghost of Gosau the Carver, a journeyman DsGl of Makhleb (D:15)
  A harpy (Shoals:2)
  A water nymph (Shoals:2)
  A water elemental (D:15)
  An electric eel (D:15)
  651 fire vortices
  31 fungi
  328 plants
  A withered plant (D:15)
1016 creatures vanquished.

Grand Total: 3519 creatures vanquished

Notes
Turn   | Place    | Note
-------+----------+-------------------------------------------
     0 | D:1      | Jethros the Gargoyle Earth Elementalist began the quest for
                  | the Orb.
     0 | D:1      | Reached XP level 1. HP: 10/10 MP: 3/3
   267 | D:1      | Reached XP level 2. HP: 15/15 MP: 1/5
   723 | D:2      | Reached XP level 3. HP: 18/19 MP: 4/7
   732 | D:2      | Learned a level 3 spell: Stone Arrow
   735 | D:2      | Learned a level 2 spell: Passwall
   870 | D:2      | Identified the +0 chain mail of Free Expression {+Blink rF+
                  | SInv}
  1255 | D:3      | Reached skill level 1 in Conjurations
  1317 | D:3      | Reached skill level 3 in Spellcasting
  1317 | D:3      | Reached XP level 4. HP: 24/24 MP: 5/8
  1664 | D:3      | Reached skill level 5 in Earth Magic
  1970 | D:4      | Noticed Ijyb
  1976 | D:4      | Killed Ijyb
  1977 | D:4      | Reached XP level 5. HP: 7/28 MP: 6/10
  2042 | D:4      | Found a hide-covered altar of Uskayaw.
  2301 | D:4      | Found a glowing drain.
  2312 | Sewer    | Entered a sewer
  2588 | Sewer    | Reached XP level 6. HP: 27/32 MP: 11/11
  2800 | Sewer    | Reached skill level 4 in Spellcasting
  2911 | Sewer    | Reached XP level 7. HP: 3/36 MP: 11/13
  3388 | D:4      | Noticed Grinder
  3389 | D:4      | Paralysed by Grinder for 5 turns
  3402 | D:4      | Killed Grinder
  3527 | D:4      | Found a staircase to the Ecumenical Temple.
  3538 | Temple   | Entered the Ecumenical Temple
  3600 | Temple   | Became a worshipper of Vehumet
  3767 | D:5      | Entered Level 5 of the Dungeon
  3816 | D:5      | Reached skill level 5 in Spellcasting
  3945 | D:5      | Found a sparkling altar of Nemelex Xobeh.
  4057 | D:5      | Reached skill level 5 in Conjurations
  4057 | D:5      | Reached XP level 8. HP: 41/41 MP: 15/15
  4223 | D:5      | Reached skill level 1 in Fighting
  4223 | D:5      | Reached skill level 1 in Shields
  4250 | D:5      | Reached * piety under Vehumet
  4250 | D:5      | Offered knowledge of Kiss of Death by Vehumet.
  4251 | D:5      | Reached skill level 1 in Evocations
  4701 | D:6      | Reached XP level 9. HP: 41/49 MP: 17/17
  5041 | D:6      | Found a broken altar of Ashenzari.
  5958 | D:7      | Reached ** piety under Vehumet
  5958 | D:7      | Offered knowledge of Static Discharge by Vehumet.
  6025 | D:7      | Found Jerib's Weapon Shoppe.
  6030 | D:7      | Found Imek's Magic Scroll Boutique.
  6060 | D:7      | Bought a scroll of identify for 26 gold pieces
  6060 | D:7      | Bought a scroll of identify for 26 gold pieces
  6125 | D:7      | Found Xit Xay's Antique Weapon Shop.
  6138 | D:7      | Found a burning altar of Makhleb.
  6338 | D:7      | Found Tuimate's Armour Emporium.
  6504 | D:8      | Noticed Gastronok
  6579 | D:8      | Found a staircase to the Lair.
  6611 | D:8      | Killed Gastronok
  6612 | D:8      | Reached skill level 6 in Spellcasting
  6612 | D:8      | Reached XP level 10. HP: 56/56 MP: 3/19
  6664 | D:8      | Found Lafuyff's Antique Armour Emporium.
  6840 | D:8      | Found a flagged portal.
  6903 | Bailey   | Entered a bailey
  7077 | Bailey   | Offered knowledge of Scorch by Vehumet.
  7154 | Bailey   | Reached *** piety under Vehumet
  7356 | Bailey   | Identified the +1 chain mail "Sialusch" {Regen+ Dex+3}
  7361 | Bailey   | Noticed an orc warlord
  7393 | Bailey   | Killed an orc warlord
  7394 | Bailey   | Reached skill level 1 in Armour
  7394 | Bailey   | Reached skill level 1 in Fire Magic
  7545 | Bailey   | Reached skill level 5 in Fighting
  7550 | Bailey   | Offered knowledge of Hailstorm by Vehumet.
  7664 | D:8      | Found Oziginno's Armour Boutique.
  8093 | D:9      | Noticed Harold
  8098 | D:9      | Killed Harold
  8099 | D:9      | Reached skill level 7 in Spellcasting
  8170 | D:8      | Learned a level 4 spell: Flame Wave
  8431 | D:8      | Reached XP level 11. HP: 14/64 MP: 21/21
  9023 | D:9      | Found a staircase to the Orcish Mines.
  9046 | D:9      | Noticed a two-headed ogre
  9053 | D:9      | Killed a two-headed ogre
  9182 | D:9      | Noticed a deep elf pyromancer
  9186 | D:9      | Killed a deep elf pyromancer
  9300 | D:10     | Entered Level 10 of the Dungeon
  9331 | D:10     | Found a sacrificial altar of Ru.
  9340 | D:10     | Found a hazy altar of Hepliaklqana.
  9379 | D:10     | Noticed Urug
  9413 | D:10     | Killed Urug
  9506 | D:10     | Found Zin's Purification Station.
  9512 | D:10     | Found a glowing silver altar of Zin.
  9829 | D:10     | Reached **** piety under Vehumet
 10070 | D:10     | Found a blossoming altar of Fedhas.
 10345 | D:10     | Reached skill level 5 in Dodging
 10345 | D:10     | Reached skill level 10 in Earth Magic
 10345 | D:10     | Reached skill level 5 in Evocations
 10760 | D:11     | Noticed a cyclops
 10763 | D:11     | Killed a cyclops
 11160 | D:11     | Noticed a centaur warrior
 11166 | D:11     | Killed a centaur warrior
 11166 | D:11     | Noticed a manticore
 11167 | D:11     | Reached XP level 12. HP: 36/71 MP: 22/23
 11170 | D:11     | Offered knowledge of Ignite Poison by Vehumet.
 11295 | D:11     | Found an iron altar of Okawaru.
 11470 | D:11     | Found a runed translucent gate.
 11470 | D:11     | Found a runed translucent gate.
 11470 | D:11     | Found a runed translucent gate.
 11470 | D:11     | Noticed an 11-headed hydra
 11470 | D:11     | Noticed LeafLetters's ghost (journeyman OpVM)
 11518 | D:11     | Reached skill level 8 in Spellcasting
 12333 | D:12     | Reached skill level 5 in Fire Magic
 12716 | D:13     | Found a runed translucent door.
 12778 | D:13     | Found a runed translucent door.
 12795 | D:13     | Found a runed translucent door.
 12834 | D:13     | Noticed a four-headed hydra
 12839 | D:13     | Killed a four-headed hydra
 12872 | D:13     | Found a runed translucent door.
 12994 | D:13     | Noticed a centaur warrior
 13002 | D:13     | Killed a centaur warrior
 13232 | D:14     | Identified the +0 robe of Hosmuapi {rElec}
 13263 | D:14     | Noticed a six-headed hydra
 13267 | D:14     | Killed a six-headed hydra
 13285 | D:14     | Reached XP level 13. HP: 78/78 MP: 25/25
 13286 | D:14     | Reached skill level 10 in Conjurations
 13286 | D:14     | Gained mutation: Your large and strong wings let you fly.
                  | [Gargoyle growth]
 13286 | D:14     | Reached XP level 14. HP: 84/84 MP: 26/26
 13287 | D:14     | Reached skill level 9 in Spellcasting
 13287 | D:14     | Reached skill level 10 in Fire Magic
 13287 | D:14     | Reached XP level 15. HP: 90/90 MP: 28/28
 13406 | D:14     | Found a shimmering altar of Xom.
 13407 | D:14     | Found a shimmering altar of Xom.
 13410 | D:14     | Found a shimmering altar of Xom.
 13411 | D:14     | Found a shimmering altar of Xom.
 13422 | D:14     | Found a shimmering altar of Xom.
 13423 | D:14     | Found a shimmering altar of Xom.
 13600 | D:14     | Found a gate to the Vaults.
 13744 | D:14     | Reached XP level 16. HP: 89/96 MP: 26/29
 14149 | D:14     | Found a shimmering altar of Xom.
 14316 | D:14     | Found a runed translucent door.
 14357 | D:14     | Reached ***** piety under Vehumet
 14571 | D:14     | Found a shimmering altar of Xom.
 14647 | D:13     | Offered knowledge of Fireball by Vehumet.
 14654 | D:13     | Learned a level 5 spell: Fireball
 14797 | D:14     | Noticed a storm dragon
 14980 | D:14     | Killed a storm dragon
 15352 | Lair:1   | Entered Level 1 of the Lair of Beasts
 15895 | Lair:2   | Found a staircase to the Snake Pit.
 16339 | Lair:2   | Found a staircase to the Shoals.
 17281 | Lair:3   | Found a glowing golden altar of the Shining One.
 17294 | Lair:3   | Found a transporter.
 17306 | Lair:3   | Noticed mdmota's ghost (journeyman DjCK)
 17311 | Lair:3   | Found a bloodstained altar of Trog.
 17319 | Lair:3   | Found a transporter.
 17385 | Lair:3   | Reached skill level 10 in Fighting
 17443 | Lair:3   | Reached skill level 10 in Spellcasting
 17755 | Lair:4   | Got Mysticism, Part One
 17886 | Lair:4   | Found a staircase to the Slime Pits.
 18222 | Lair:4   | Noticed Snorg
 18310 | Lair:4   | Killed Snorg
 18650 | Lair:5   | Entered Level 5 of the Lair of Beasts
 19422 | Lair:5   | Offered knowledge of Iskenderun's Battlesphere by Vehumet.
 19885 | Lair:5   | Reached XP level 17. HP: 104/104 MP: 31/31
 19891 | Lair:5   | Identified the ring "Buhoj" {rC+ rN+ Will+ Slay-2}
 21094 | Orc:1    | Entered Level 1 of the Orcish Mines
 21118 | Orc:1    | Offered knowledge of Freezing Cloud by Vehumet.
 21415 | Orc:1    | Noticed Sonja
 21419 | Orc:1    | Killed Sonja
 21841 | Orc:2    | Entered Level 2 of the Orcish Mines
 21850 | Orc:2    | Found a burning altar of Makhleb.
 22217 | Orc:2    | Found a staircase to the Elven Halls.
 23000 | Orc:2    | Found Uxecewei's General Store.
 23079 | Orc:2    | Found Efobul's General Store.
 23411 | Orc:2    | Bought a scroll of identify for 34 gold pieces
 23411 | Orc:2    | Bought a potion of cancellation for 136 gold pieces
 23414 | Orc:2    | Bought a scroll of identify for 36 gold pieces
 23767 | Orc:2    | Offered knowledge of Plasma Beam by Vehumet.
 23768 | Orc:2    | Reached skill level 11 in Spellcasting
 24394 | Orc:2    | Found Zoukotz's Antique Weapon Boutique.
 24394 | Orc:2    | Found Belosk's Jewellery Shop.
 24395 | Orc:2    | Found a one-way gate leading to the halls of Pandemonium.
 24494 | Elf:1    | Entered Level 1 of the Elven Halls
 25336 | Elf:1    | Got the Teachings on Wildfire and Variation
 25384 | Elf:1    | Reached skill level 10 in Evocations
 26042 | Elf:1    | Paralysed by an air elemental for 1 turns
 26464 | Elf:2    | Found a runed translucent door.
 26686 | Elf:2    | Found Mide Gargh's Magic Scroll Emporium.
 26689 | Elf:2    | Bought a scroll of identify for 22 gold pieces
 26689 | Elf:2    | Bought a scroll of butterflies for 44 gold pieces
 26689 | Elf:2    | Bought a scroll of identify for 22 gold pieces
 26745 | Elf:2    | Found a runed translucent gate.
 26745 | Elf:2    | Found a runed translucent gate.
 26745 | Elf:2    | Found a runed translucent gate.
 26912 | Elf:2    | Reached XP level 18. HP: 112/112 MP: 23/33
 27085 | Elf:2    | Reached skill level 15 in Earth Magic
 27584 | Shoals:1 | Entered Level 1 of the Shoals
 27834 | Shoals:2 | Offered knowledge of Spellforged Servitor by Vehumet.
 27847 | Shoals:2 | Noticed Frances
 28278 | Shoals:2 | Noticed Nikola
 28309 | Shoals:1 | Identified the staff of cold "Xaiwics" {+Blink rC+}
 28585 | Shoals:1 | Reached skill level 12 in Spellcasting
 29280 | Shoals:2 | Noticed Polyphemus
 29383 | Shoals:2 | Killed Frances
 30203 | Shoals:2 | Killed Nikola
 30347 | Shoals:2 | Found Plog's Magic Scroll Boutique.
 30367 | Shoals:2 | Bought a scroll of identify for 30 gold pieces
 30367 | Shoals:2 | Bought a scroll of blinking for 112 gold pieces
 30367 | Shoals:2 | Bought a scroll of blinking for 112 gold pieces
 30516 | Shoals:2 | Noticed Ilsuiw
 30517 | Shoals:2 | Reached ****** piety under Vehumet
 30585 | Shoals:2 | Killed Ilsuiw
 30981 | Shoals:2 | Killed Polyphemus
 31398 | Shoals:3 | Offered knowledge of Conjure Ball Lightning by Vehumet.
 32021 | Shoals:3 | Found a large runed translucent door.
 32021 | Shoals:3 | Found a large runed translucent door.
 32022 | Shoals:3 | Noticed TobyRickard's ghost (adept MiFi)
 32039 | Shoals:3 | Reached XP level 19. HP: 120/120 MP: 19/35
 33202 | Shoals:3 | Killed TobyRickard's ghost
 33273 | Shoals:3 | Identified 2 scrolls of acquirement
 33280 | Shoals:3 | Acquired a manual of Fire Magic
 33282 | Shoals:3 | Acquired 694 gold pieces
 33312 | Shoals:4 | Entered Level 4 of the Shoals
 34404 | Shoals:4 | Offered knowledge of Orb of Destruction by Vehumet.
 34415 | Shoals:3 | Learned a level 7 spell: Orb of Destruction
 35087 | Shoals:4 | Reached skill level 15 in Conjurations
 35241 | Shoals:4 | Reached skill level 13 in Spellcasting
 35375 | Shoals:4 | Reached skill level 15 in Fire Magic
 35568 | Shoals:4 | Got a barnacled rune of Zot
 35947 | Snake:1  | Entered Level 1 of the Snake Pit
 36524 | Snake:1  | Identified the +2 robe of the Assorted Seas {Str+5}
 36999 | Snake:1  | Learned a level 5 spell: Lee's Rapid Deconstruction
 37086 | Snake:2  | Offered knowledge of Fire Storm by Vehumet.
 37086 | Snake:2  | Offered knowledge of Ignition by Vehumet.
 37086 | Snake:2  | Offered knowledge of Maxwell's Capacitive Coupling by
                  | Vehumet.
 37101 | Snake:2  | Learned a level 8 spell: Ignition
 37582 | Snake:2  | Found Zerelem's Antique Weapon Emporium.
 38163 | Snake:3  | Found Kiewo's Gadget Gallery.
 38227 | Snake:3  | Found a sacrificial altar of Ru.
 38431 | Snake:3  | Identified the amulet "Ufais" {Spirit MP+9}
 38494 | Snake:3  | Noticed Aizul
 38527 | Snake:3  | Killed Aizul
 38626 | Snake:3  | Reached XP level 20. HP: 121/127 MP: 37/37
 38660 | Snake:3  | Identified the +0 helmet of Scuffed the Good {-Cast Regen+
                  | Dex+6}
 38986 | Snake:3  | Found Jevi's Jewellery Boutique.
 38986 | Snake:3  | Found Xufiqaz's Book Emporium.
 38987 | Snake:3  | Found Uhuagen's Jewellery Boutique.
 39168 | Snake:4  | Entered Level 4 of the Snake Pit
 39321 | Snake:4  | Found a hide-covered altar of Uskayaw.
 41583 | Snake:4  | Got a serpentine rune of Zot
 42116 | Lair:3   | Killed mdmota's ghost
 42117 | Lair:3   | Reached skill level 14 in Spellcasting
 42537 | Elf:2    | Identified the +0 glaive of Sitee {freeze, rCorr MP+9 Str+3
                  | Int-5}
 43983 | D:11     | Killed LeafLetters's ghost
 44074 | D:11     | Identified the +3 war axe of the Last Dances {protect,
                  | rN++}
 44283 | D:15     | Entered Level 15 of the Dungeon
 44718 | D:15     | Reached XP level 21. HP: 132/132 MP: 6/39
 44986 | D:15     | Found a runed translucent gate.
 44987 | D:15     | Found a runed translucent gate.
 44987 | D:15     | Found a runed translucent gate.
 44988 | D:15     | Noticed Gosau's ghost (journeyman DsGl)
 44988 | D:15     | Noticed Bananafolds's ghost (adept NaVM)
 44988 | D:15     | Noticed Uvinaotu's ghost (journeyman MiFi)
 45020 | D:15     | Killed Gosau's ghost
 45034 | D:15     | Killed Uvinaotu's ghost
 45051 | D:15     | Killed Bananafolds's ghost
 45084 | D:15     | Identified the staff of fire "Joanaidde" {+Blink rF+ Dex+2}
 45108 | D:15     | Found Kareob Anwo's Jewellery Boutique.
 45111 | D:15     | Bought the amulet of the Tired Queens {RegenMP rPois Int+3
                  | Slay+2} for 950 gold pieces
 45269 | D:15     | Noticed Rupert
 45290 | D:15     | Killed Rupert
 45490 | D:15     | Found a staircase to the Depths.
 45831 | Slime:1  | Entered Level 1 of the Pits of Slime
 46560 | Slime:2  | You are sucked into a shaft and drop 1 floor!
 46843 | Slime:2  | Found a viscous altar of Jiyva.
 48062 | Slime:5  | Entered Level 5 of the Pits of Slime
 48080 | Slime:5  | Reached skill level 15 in Spellcasting
 48349 | Slime:5  | Noticed Dissolution
 48356 | Slime:4  | Gained mutation: Your body sometimes deteriorates upon
                  | taking damage. [a shining eye]
 48359 | Slime:4  | Killed Dissolution
 48446 | Slime:5  | Noticed the Royal Jelly
 48771 | Slime:5  | Killed the Royal Jelly
 48814 | Slime:5  | Found the +2 shield of Resistance {rF++ rC++ Will++}
 48822 | Slime:5  | Identified the +2 spear of Fexuneag {drain, +Blink Int+3}
 48835 | Slime:5  | Got Jatelukakh's Elucidation of Last Rites
 48839 | Slime:5  | Identified the +1 plate armour of Munuq {rPois rN+}
 48840 | Slime:5  | Identified the ring of Reimbursement {+Blink rPois}
 48919 | Slime:5  | Identified the staff of poison "Efoo" {rPois rCorr Int+5}
 48980 | Slime:5  | Got a slimy rune of Zot
 49527 | Elf:2    | Learned a level 9 spell: Fire Storm
 49529 | Elf:3    | Entered Level 3 of the Elven Halls
 49599 | Elf:3    | Reached XP level 22. HP: 137/137 MP: 41/41
 49744 | Elf:3    | Found Safiesy's Armour Emporium.
 49828 | Elf:3    | Found the +4 robe of Folly {Brill Will-∞ Int+8}
 49917 | Elf:3    | Found a one-way gate to the infinite horrors of the Abyss.
 49918 | Elf:3    | Found a corrupted altar of Lugonu.
 50471 | Elf:3    | Gained mutation: Your spells are a little easier to cast,
                  | but a little less powerful. [mutagenic glow]
 50582 | Elf:3    | Got the Grimoire of Open Graves
 50592 | Elf:3    | Identified the amulet "Uhuomen" {Spirit Fragile rElec
                  | Str+6}
 50616 | Elf:3    | Identified the +10 war axe of Upheaval {pain, Stlth+}
 50631 | Elf:3    | Got Vehumet's Omnibus of Injury
 50929 | Lair:2   | Lost mutation: Your body sometimes deteriorates upon taking
                  | damage. [potion of mutation]
 50929 | Lair:2   | Lost mutation: Your spells are a little easier to cast, but
                  | a little less powerful. [potion of mutation]
 50929 | Lair:2   | Gained mutation: You occasionally lose the ability to read
                  | scrolls when taking damage. [potion of mutation]
 50929 | Lair:2   | Gained mutation: Your body sometimes deteriorates upon
                  | taking damage. [potion of mutation]
 50929 | Lair:2   | Gained mutation: You have large cloven feet. [potion of
                  | mutation]
 50930 | Lair:2   | Lost mutation: Your body sometimes deteriorates upon taking
                  | damage. [potion of mutation]
 50930 | Lair:2   | Lost mutation: You have large cloven feet. [potion of
                  | mutation]
 50930 | Lair:2   | Gained mutation: You occasionally lose the ability to drink
                  | potions when taking damage. [potion of mutation]
 50930 | Lair:2   | Gained mutation: You possess an exceptional clarity of
                  | mind. [potion of mutation]
 50930 | Lair:2   | Gained mutation: You have an increased reservoir of magic.
                  | (+10% MP) [potion of mutation]
 51224 | Vaults:1 | Entered Level 1 of the Vaults
 51572 | Vaults:1 | Reached skill level 16 in Spellcasting
 52048 | Vaults:1 | Found Nupisao's Armour Boutique.
 52482 | Vaults:2 | Reached skill level 17 in Spellcasting
 52518 | Vaults:2 | Gained mutation: You are weak. (Str -2) [mutagenic glow]
 52653 | Vaults:2 | Reached XP level 23. HP: 142/142 MP: 48/48
 53597 | Vaults:2 | Reached skill level 18 in Spellcasting
 54198 | Vaults:3 | You are sucked into a shaft and drop 1 floor!
 54216 | Vaults:5 | Entered Level 5 of the Vaults
 54290 | Vaults:4 | Reached skill level 19 in Spellcasting
 54636 | Vaults:4 | Identified the ring "Ytrizus" {rF+ MP+9 Int+6 Stlth+}
 55681 | Vaults:3 | Reached XP level 24. HP: 148/148 MP: 51/51
 55761 | Vaults:3 | Found a staircase to the Crypt.
 55761 | Vaults:3 | Found a basalt altar of Yredelemnul.
 55761 | Vaults:3 | Found an ancient bone altar of Kikubaaqudgha.
 56333 | Crypt:1  | Entered Level 1 of the Crypt
 56351 | Crypt:1  | Noticed Bai Suzhen
 56362 | Crypt:1  | Killed Bai Suzhen
 56363 | Crypt:1  | Reached skill level 20 in Spellcasting
 56652 | Crypt:1  | Found a huge runed translucent gate.
 56653 | Crypt:1  | Found a huge runed translucent gate.
 56653 | Crypt:1  | Found a huge runed translucent gate.
 56653 | Crypt:1  | Found a huge runed translucent gate.
 56728 | Crypt:1  | Noticed Mennas
 56738 | Crypt:1  | Killed Mennas
 56764 | Crypt:1  | Noticed Xtahua
 56812 | Crypt:1  | Found a huge runed translucent gate.
 56813 | Crypt:1  | Found a huge runed translucent gate.
 56814 | Crypt:1  | Found a huge runed translucent gate.
 56814 | Crypt:1  | Found a huge runed translucent gate.
 56814 | Crypt:1  | Found a huge runed translucent gate.
 56913 | Crypt:1  | Killed Xtahua
 57065 | Crypt:1  | Identified the +0 ring mail of Moobbup {Harm Drain rC+ rN+}
 58217 | Crypt:3  | Entered Level 3 of the Crypt
 58259 | Crypt:3  | Found a magical portal.
 58268 | WizLab   | Entered Borgnjor's Mausoleum
 58326 | WizLab   | Reached skill level 21 in Spellcasting
 58825 | WizLab   | Got the Papyrus of the Dead
 58969 | Crypt:3  | Reached XP level 25. HP: 152/152 MP: 53/53
 59127 | Crypt:3  | Found a staircase to the Tomb.
 59203 | Crypt:3  | Noticed a royal mummy
 59208 | Crypt:3  | Killed a royal mummy
 59212 | Crypt:3  | Noticed Khufu
 59213 | Crypt:3  | Noticed a royal mummy
 59214 | Crypt:3  | Killed a royal mummy
 59215 | Crypt:3  | Killed Khufu
 59662 | Crypt:3  | Found an ancient bone altar of Kikubaaqudgha.
 59664 | Crypt:3  | Found a basalt altar of Yredelemnul.
 59682 | Crypt:3  | Identified the +0 hat of Freezing Wonder {rElec rPois Will-
                  | Regen+}
 59736 | Crypt:3  | Got the Grimoire of the Hills
 59802 | Tomb:1   | Entered Level 1 of the Tomb of the Ancients
 59897 | Tomb:1   | Paralysed by a sphinx for 2 turns
 60218 | Tomb:1   | Reached skill level 22 in Spellcasting
 60435 | Tomb:1   | Noticed a royal mummy
 60440 | Tomb:1   | Killed a royal mummy
 61083 | Depths:1 | Entered Level 1 of the Depths
 61852 | Depths:1 | Found Guq Fodu's Assorted Antiques.
 61854 | Depths:1 | Found Naguwn's Antique Weapon Shop.
 61857 | Depths:1 | Found Bogoxeph's Armour Boutique.
 62191 | Depths:1 | Found a gateway to Hell.
 62430 | Depths:2 | Reached XP level 26. HP: 158/158 MP: 49/54
 62465 | Depths:2 | Identified the +0 pair of gloves "Katiz" {Slay+2}
 62734 | Depths:2 | Reached skill level 23 in Spellcasting
 62810 | Depths:2 | Identified the +6 falchion of the Apocalypse {venom, rElec
                  | Will+ Int+2}
 62812 | Depths:2 | Found a bloodstained altar of Trog.
 63909 | Depths:2 | Identified the staff of poison "Wucaep" {rPois Str+3 Int+2}
 64051 | Depths:3 | Identified the ring of Soham {rElec Str+6 Dex+2}
 64475 | Depths:3 | Identified the +5 chain mail of Zicketin {rPois Int+3 Dex+3
                  | Stlth-}
 64982 | Depths:4 | Entered Level 4 of the Depths
 65031 | Depths:4 | Reached skill level 24 in Spellcasting
 65086 | Depths:4 | Found a one-way gateway to a ziggurat.
 65276 | Depths:4 | Reached XP level 27. HP: 162/163 MP: 40/56
 65286 | Depths:4 | Learned a level 9 spell: Death's Door
 65425 | Depths:4 | Reached skill level 1 in Necromancy
 65667 | Depths:4 | Found a gate to the Realm of Zot.
 65953 | Zot:1    | Entered Level 1 of the Realm of Zot
 65971 | Zot:1    | Noticed an orb of fire
 66040 | Zot:1    | Gained mutation: Your flesh is cold resistant. (rC+) [an
                  | orb of fire]
 66043 | Zot:1    | Killed an orb of fire
 66331 | Zot:1    | Got the Parchment of the Calescent Stinger
 66652 | Zot:2    | Noticed Grunn
 66656 | Zot:2    | Killed Grunn
 66657 | Zot:2    | Reached skill level 5 in Necromancy
 66923 | Zot:2    | Noticed an orb of fire
 66936 | Zot:2    | Killed an orb of fire
 66938 | Zot:2    | Found the +4 dragonskin cloak
 66938 | Zot:2    | Noticed Tiamat
 66942 | Zot:2    | Reached skill level 25 in Spellcasting
 66944 | Zot:2    | Killed Tiamat
 67208 | Zot:2    | Identified the +3 leather armour of Morality {Will++ Str-5
                  | Dex+5}
 67287 | Zot:2    | Found a transporter.
 67387 | Zot:2    | Found a transporter.
 67396 | Zot:2    | Noticed an ancient lich
 67398 | Zot:2    | Killed an ancient lich
 67518 | Zot:2    | Identified the +8 scimitar "Qiate" {antimagic, rC+ Str+4}
 67520 | Zot:2    | Identified the amulet "Bibbain" {Spirit rPois rC+ rCorr}
 67532 | Zot:2    | Identified the ring "Hyfa" {*Slow Fly rElec rCorr}
 67710 | Zot:3    | Reached skill level 10 in Necromancy
 68295 | Zot:3    | Found a transporter.
 68424 | Zot:3    | Found a transporter.
 69221 | Zot:4    | Identified the +0 battleaxe of Excruciating Pain {heavy,
                  | +Blink Dex+3}
 69865 | Zot:5    | Entered Level 5 of the Realm of Zot
 69867 | Zot:5    | Found a transporter.
 70170 | Zot:5    | Learned a level 8 spell: Lehudib's Crystal Spear
 70352 | Zot:5    | Noticed an ancient lich
 70355 | Zot:5    | Killed an ancient lich
 70388 | Zot:5    | Noticed an orb of fire
 70396 | Zot:5    | Killed an orb of fire
 70398 | Zot:5    | Noticed an orb of fire
 70405 | Zot:5    | Noticed an orb of fire
 70408 | Zot:5    | Killed an orb of fire
 70436 | Zot:5    | Killed an orb of fire
 70437 | Zot:5    | Reached skill level 15 in Necromancy
 70626 | Zot:5    | Noticed a dread lich
 70628 | Zot:5    | Paralysed by a dread lich for 4 turns
 70632 | Zot:5    | Noticed a dread lich
 70633 | Zot:5    | Killed a dread lich
 70636 | Zot:5    | Killed a dread lich
 70749 | Zot:5    | Noticed an orb of fire
 70759 | Zot:5    | Killed an orb of fire
 70779 | Zot:5    | Noticed an orb of fire
 70781 | Zot:5    | Gained mutation: Your body sometimes deteriorates upon
                  | taking damage. [an orb of fire]
 70783 | Zot:5    | Killed an orb of fire
 71152 | Zot:5    | Noticed a dread lich
 71160 | Zot:5    | Killed a dread lich
 71743 | Pan      | Entered Pandemonium
 71777 | Pan      | Noticed Eqevas the pandemonium lord
 72124 | Pan      | Killed Eqevas the pandemonium lord
 72124 | Pan      | Blown up by Eqevas

Illustrated notes

Levels and vault maps discovered:
D:1:      heliophobic_arrival_ceremonial_halls, layout_basic
D:2:      layout_basic
D:3:      layout_basic, minmay_goblin_outpost
D:4:      layout_loops_corners, mainiacjoe_overflow_paths,
          minmay_temple_entry_poolview, portal_sewer_entry_d, uniq_ijyb,
          uniq_grinder
D:5:      layout_loops_ring, nemelex_diamond_rough_becter, hangedman_glass_teeth
D:6:      layout_loops_corners, lemuel_round_altar, serial_aquarium,
          aquarium_bridge_straight [aquarium_subvault_bridge,
          aquarium_subvault_wall, aquarium_subvault_bridge,
          aquarium_subvault_balcony], aquarium_bridge_straight
          [aquarium_subvault_bridge, aquarium_subvault_window,
          aquarium_subvault_bridge, aquarium_subvault_window],
          aquarium_window_fake, aquarium_window_fake,
          aquarium_window_corridor_1, aquarium_window_fake, aquarium_view_2b,
          aquarium_view_2f, aquarium_balcony_5a, aquarium_pool_corner
D:7:      layout_basic, kennysheep_mini, serial_shops, shop,
          nicolae_take_the_stairs, nicolae_shop_tiny_glass, shop
D:8:      layout_basic, dpeg_oklobed_lair, serial_shops,
          nicolae_shop_hallway_plus, shop, enter_bailey_4, uniq_gastronok
D:9:      cheibrodos_iron_armory, layout_long_grid, orc_0_dummy, the_hattery,
          uniq_harold
D:10:     layout_basic, lemuel_tele_altar, grunt_temple_overflow_open,
          zin_purify, hangedman_abyss_or_decor_passed, uniq_urug
D:11:     layout_roguey, gammafunk_ghost_hydra_chop, corner_web_ring,
          okawaru_gym_becter
D:12:     layout_small_grid
D:13:     layout_irregular_city, minmay_statue_crystal_thing
D:14:     layout_basic, erik_vaults_1, xom_redecorated, minivault_13
D:15:     hangedman_depths_entry_civil_slaughter, layout_basic,
          gammafunk_ghost_cemetery, minmay_misc_feat_iff, serial_shops,
          nicolae_shop_behind_doors, uniq_rupert
Temple:   nicolae_temple_two_arcs
Lair:1:   layout_regular_city
Lair:2:   layout_regular_city, minmay_shoals_entry_hut,
          guppyfry_snake_entry_garden, bh_autumn_forest_stairs
Lair:3:   layout_hall_layers, gammafunk_ghost_wrathful_warriors, basic_altar,
          evilmike_ambush [evilmike_ambush_outer_corners,
          evilmike_ambush_inner_basic]
Lair:4:   layout_cave_pods, minmay_slime_entry_oklob_open, special_room
          [special_room_bee], lemuel_fruit_fields, infiniplex_staircase_pool,
          serial_bayou_shore_a, lemuel_fruit_tree, uniq_snorg
Lair:5:   minmay_lair_end_enchanted_forest, layout_hall_layers,
          minmay_shattered_shrine
Shoals:1: layout_shoals, nicolae_shoals_water_elemental_grotto
Shoals:2: layout_shoals, serial_shops, nicolae_shop_just_a_little_nook,
          uniq_ilsuiw, uniq_nikola, uniq_polyphemus, uniq_frances
Shoals:3: layout_shoals, ebering_ghost_disaster_area
Shoals:4: shoals_end_grunt_garden, layout_shoals
Snake:1:  layout_onion
Snake:2:  layout_misc_corridors, serial_shops, nicolae_shop_tiny_glass,
          st_stairs_13
Snake:3:  layout_gridlike, basic_altar, nicolae_shop_gadgets, minmay_shop_grove,
          serial_bayou_shore_b, uniq_aizul
Snake:4:  hellmonk_snake_rune_quicksilver_temple, layout_basic, basic_altar,
          grunt_megastairs_5
Slime:1:  layout_caves, cheibrodos_slime_lost_civilization_5
Slime:2:  layout_caves, basic_altar
Slime:3:  layout_caves
Slime:4:  layout_caves
Slime:5:  uniq_dissolution
Orc:1:    hellmonk_paralyzer, layout_caves, bh_open_orc_temple, uniq_sonja
Orc:2:    pf_orc_diabolical, layout_diamond_mine, bloody_makhleb
Elf:1:    eino_elf_arrival_shootout, layout_loops_corners,
          kennysheep_underground_church
Elf:2:    elven_hall_of_blades_hangedman_original [mumra_blade_entry_dagger],
          layout_loops_corners, serial_shops, nicolae_shop_rolled_up, drop_trap,
          minivault_15, nicolae_danse_macabre
Elf:3:    elf_hall_gauntlet_wide, layout_loops_ring, serial_shops,
          nicolae_shop_behind_doors, dreamdust_deal_with_the_devil,
          amcnicky_altar_lugonu_corruption
Vaults:1: hangedman_vaults_nodes, nicolae_vaults_closet_pinwheel_3, v_misc_24,
          dpeg_vaults_monster_box, v_rooms_6, nicolae_vaults_storage_closets_2,
          nicolae_vaults_wine_cellar, nicolae_vaults_diagonal_hallway_8,
          v_misc_23, nicolae_vaults_house_2,
          nicolae_vaults_storage_room_statues, vaults_dpeg_emergency_exit,
          nicolae_vaults_corridor_and_loot_room, vaults_room_pool,
          layout_vaults_ring, serial_shops, shop
Vaults:2: vaults_room_large_hall, nicolae_vaults_yaktaur_gun_rack,
          nicolae_vaults_house_3, dpeg_vaults_monster_row, st_lines,
          serial_ice_h, nicolae_vaults_oval_intersection, ontoclasm_vaults_spin,
          nicolae_vaults_network_square, nicolae_vaults_house_2,
          nicolae_vaults_little_squares_3, nicolae_vaults_more_shelving_1,
          nicolae_vaults_heart-shaped_vault, layout_vaults_omnibox
Vaults:3: nicolae_vaults_inception_corners, v_misc_10, ontoclasm_vaults_eye,
          nicolae_vaults_prndl, v_rooms_4, minmay_crypt_entry_necro_gods,
          nicolae_vaults_border_crossing, nicolae_vaults_security_offices_6,
          nicolae_vaults_diamond_2, nicolae_vaults_tetromino_T_1,
          nicolae_vaults_house_1, v_misc_5, vaults_dpeg_ring,
          layout_vaults_big_room
Vaults:4: nicolae_vaults_tangram_1, serial_ice_h,
          nicolae_vaults_disjoint_gnomons, hangedman_vaults_capsules, v_misc_27,
          ontoclasm_vaults_fault, nicolae_vaults_cochlea, grunt_vaults_focal,
          ontoclasm_vaults_ring_small, v_pattern_4,
          nicolae_vaults_closet_pinwheel_4, nicolae_vaults_six-pack,
          nicolae_vaults_storage_room_glass, vaults_room_stairs_pillars,
          nicolae_vaults_house_2, layout_vaults_omnicross
Vaults:5: uniq_jory, uniq_saint_roka
Crypt:1:  cheibrodos_crypt_3hun_7po, layout_chaotic_city,
          grunt_crypt_arrival_guarded_gate, grunt_megastairs_2, uniq_xtahua,
          uniq_bai_suzhen, uniq_mennas
Crypt:2:  layout_misc_corridors
Crypt:3:  lightli_unholy_cathedral, layout_chaotic_city, mu_enter_wizlab_3,
          uniq_khufu
Tomb:1
Depths:1: evilmike_diamond_1, layout_basic, minivault_11, lightli_too_deep,
          library_closet, columned_hall_lemuel, hangedman_devilish_allure,
          minmay_shop_star
Depths:2: cheibrodos_salmonella, layout_basic, rand_demon_pan_entry_8,
          hell_entry, old_standard_altar, kilobyte_rumbling_trees,
          firewood_loft, infiniplex_staircase_pillars_3a
Depths:3: minmay_crescents, layout_gridlike, hell_entry, abyss_entry,
          kennysheep_generic_room_10
Depths:4: grunt_zot_entry_gee_three, layout_basic, enter_ziggurat_e, hell_entry,
          abyss_entry_glasseish, grunt_decor_mini_mirrors
Zot:1:    layout_onion_interference, skrybe_zot_glass_3
Zot:2:    gammafunk_its_a_trap, layout_misc_corridors, lemuel_flame_loot_1,
          uniq_grunn, uniq_tiamat
Zot:3:    gammafunk_dig_for_victory, layout_onion, bh_zot_ikea_curve
Zot:4:    layout_cathedral_of_symmetry, st_small_dragon_hoard_5
Zot:5:    layout_cathedral_of_symmetry, hangedman_zot_decor_scrapings,
          nicolae_diode_basic
Pan:      grunt_pan_spiral, layout_basic

Skill      XL: |  1  2  3  4  5  6  7  8  9 10 11 12 13 14 15 16 17 18 19 20 21 22 23 24 25 26 27 |
---------------+----------------------------------------------------------------------------------+-----
Earth Magic    | 4 5 6 7 8 9 10 11 12 13 14 16 17 18 19 20 22 23 | 23.0
Conjurations   | 1 2 3 5 6 7 8 9 10 12 13 14 15 16 17 18 20 21 22 | 22.0
Spellcasting   | 3 4 5 6 7 8 9 10 11 12 13 14 15 17 19 21 22 24 25 | 25.0
Fighting       | 2 4 5 6 7 8 9 10 12 13 14 | 14.0
Shields        | 2 4 |  4.0
Dodging        | 2 3 4 5 6 7 |  7.0
Evocations     | 2 3 4 5 6 7 9 10 | 10.0
Armour         | 2 4 |  4.0
Fire Magic     | 2 4 9 10 11 12 13 16 19 20 22 23 | 23.0
Necromancy     | 17 | 17.8
Stealth        | |  2.1
Transmutations | |  0.7

Action                     |  1- 3 |  4- 6 |  7- 9 | 10-12 | 13-15 | 16-18 | 19-21 | 22-24 | 25-27 || total
---------------------------+-------+-------+-------+-------+-------+-------+-------+-------+-------++-------
  Melee: Mace              |     1 |       |       |     1 |       |     4 |       |       |       ||     6
         Staff             |       |       |       |       |       |       |     5 |    10 |     5 ||    20
   Cast: Sandblast         |    41 |    93 |    94 |   101 |       |   214 |   157 |    39 |    16 ||   755
         Passwall          |       |     3 |    10 |     5 |     1 |     8 |    12 |     1 |    10 ||    50
         Stone Arrow       |       |     9 |    39 |   188 |    21 |   399 |   107 |    70 |    41 ||   874
         Flame Wave        |       |       |       |    11 |       |    27 |     8 |       |       ||    46
         Fireball          |       |       |       |       |       |   423 |   172 |    40 |    23 ||   658
         Orb of Destructio |       |       |       |       |       |       |   210 |   111 |   146 ||   467
         Lee's Rapid Decon |       |       |       |       |       |       |   102 |    98 |    60 ||   260
         Ignition          |       |       |       |       |       |       |    75 |    49 |    18 ||   142
         Fire Storm        |       |       |       |       |       |       |       |   142 |   365 ||   507
         Lehudib's Crystal |       |       |       |       |       |       |       |       |    29 ||    29
Ability: Evoke Blink       |       |       |       |       |       |       |    21 |    14 |    25 ||    60
  Evoke: Wand              |       |     2 |     3 |    10 |       |     2 |       |       |       ||    17
    Use: Scroll            |       |       |     5 |    10 |       |    18 |     5 |     4 |    11 ||    53
         Potion            |       |       |       |     1 |     2 |       |     3 |     3 |     3 ||    12
 Armour: Robe              |     3 |    21 |    14 |       |       |       |       |       |       ||    38
         Steam dragon scal |       |       |     3 |    59 |     4 |    73 |       |       |       ||   139
         Troll leather arm |       |       |       |       |       |   187 |   253 |    96 |   129 ||   665
  Dodge: Dodged            |     4 |    20 |    25 |    99 |     4 |   276 |   197 |   103 |    94 ||   822
  Block: Buckler           |       |       |       |    28 |       |   120 |   144 |    66 |    53 ||   411
         Reflection        |       |       |       |       |       |       |       |       |     3 ||     3
